 Dungeon Crawl Stone Soup version 0.27-a0-1591-gc56fcc985a (webtiles) character file.

Game seed: 2747896937542449571

63882 mandarbmax the Grappler (level 14, -9/214 HPs)
             Began as a Troll Fighter on July 19, 2021.
             Was the Champion of Okawaru.
             Succumbed to a black mamba's poison
             ... on level 6 of the Lair of Beasts on July 20, 2021.
             The game lasted 00:49:26 (14763 turns).

mandarbmax the Grappler (Troll Fighter)            Turns: 14763, Time: 00:49:27

Health: -9/214     AC: 17    Str: 27    XL:     14   Next: 69%
Magic:  17/18      EV: 16    Int:  5    God:    Okawaru [******]
Gold:   716        SH: 15    Dex: 12    Spells: 13/13 levels left

rFire    . . .     SeeInvis .     - Unarmed
rCold    . . .     Faith    .   b - +2 kite shield
rNeg     . . .     Spirit   .   O - +0 steam dragon scales
rPois    .         Reflect  .   W - +2 hat of the Stallion {Will+}
rElec    .         Harm     .   e - +2 cloak
rCorr    .         Rampage  .   (gloves unavailable)
Will     +++..                  (boots unavailable)
Stlth    ..........             (no amulet)
HPRegen  1.45/turn              M - ring of willpower
MPRegen  0.16/turn              H - +4 ring of protection

@: berserking, lethally poisoned (-9 -> -75), heroic, very quick
A: large, unfitting armour, claws 3, regeneration 1, shaggy fur 1, tough skin 1
a: Renounce Religion, Heroism, Finesse


You were on level 6 of the Lair of Beasts.
You worshipped Okawaru.
Okawaru was exalted by your worship.
You visited 3 branches of the dungeon, and saw 18 of its levels.

You collected 989 gold pieces.
You spent 273 gold pieces at shops.

Inventory:

Hand Weapons
 L - a +2 broad axe of flaming
Missiles
 g - 9 atropa-tipped darts
 h - 88 poisoned darts
 r - 13 boomerangs (quivered)
 D - 17 large rocks
 F - 2 javelins
 K - 5 throwing nets
 N - a curare-tipped dart
 U - 7 silver boomerangs
Armour
 b - a +2 kite shield (worn)
 e - a +2 cloak (worn)
 O - +0 steam dragon scales (worn)
 W - the +2 hat of the Stallion (worn) {Will+}
   (Okawaru gifted it to you on level 5 of the Lair of Beasts)

   Will:      It increases your willpower.
Magical Staves
 J - a staff of earth
Jewellery
 s - a ring of willpower
 w - a ring of protection from cold
 E - a ring of protection from cold
 H - a +4 ring of protection (right claw)
 M - a ring of willpower (left claw)
 S - a ring of positive energy
 V - a ring of see invisible
Wands
 c - a wand of flame (52)
 t - a wand of digging (5)
 G - a wand of iceblast (22)
 I - a wand of acid (32)
 T - a wand of polymorph (6)
Scrolls
 i - 3 scrolls of magic mapping
 j - 3 scrolls of summoning
 l - 2 scrolls of fear
 m - 7 scrolls of teleportation
 u - 5 scrolls of enchant weapon
 v - 4 scrolls of amnesia
 y - a scroll of brand weapon
 z - a scroll of blinking
 C - 2 scrolls of fog
 P - 2 scrolls of silence
 R - a scroll of torment
 X - a scroll of holy word
 Y - 2 scrolls of identify
Potions
 a - 4 potions of cancellation
 d - a potion of mutation
 f - a potion of flight
 k - 3 potions of brilliance
 n - 4 potions of magic
 q - 5 potions of haste
 A - 3 potions of resistance
 B - 2 potions of might
 Q - 2 potions of attraction
Miscellaneous
 p - a lightning rod (4/4)


   Skills:
 - Level 10.0(15.0) Fighting
 - Level 9.0(14.0) Throwing
 + Level 10.5(15.5) Dodging
 - Level 8.0(13.0) Shields
 - Level 14.0(19.0) Unarmed Combat
 - Level 7.0 Invocations


You had 13 spell levels left.
You didn't know any spells.
Your spell library contained the following spells:

 Spells                   Type           Power      Damage    Failure   Level
 Corona                   Hex            0%         N/A       47%         1
 Freeze                   Ice            0%         1d3       47%         1
 Ensorcelled Hibernation  Hex/Ice        0%         N/A       63%         2
 Sublimation of Blood     Necr           0%         N/A       63%         2
 Conjure Flame            Conj/Fire      0%         6-21      85%         3
 Frozen Ramparts          Ice            0%         1d2       85%         3
 Ignite Poison            Fire/Tmut/Pois 0%         N/A       85%         3
 Tukima's Dance           Hex            0%         N/A       85%         3
 Animate Armour           Summ/Erth      0%         N/A       99%         4
 Hailstorm                Conj/Ice       0%         3d3       99%         4
 Ice Form                 Ice/Tmut       0%         N/A       99%         4
 Petrify                  Tmut/Erth      0%         N/A       99%         4
 Sticky Flame             Conj/Fire      0%         2d3       99%         4
 Summon Ice Beast         Ice/Summ       0%         N/A       99%         4
 Blade Hands              Tmut           0%         N/A       100%        5
 Irradiate                Conj/Tmut      0%         3d14      100%        5
 Summon Forest            Summ/Tloc      0%         N/A       100%        5
 Summon Mana Viper        Hex/Summ       0%         N/A       100%        5
 Iron Shot                Conj/Erth      0%         9d1       100%        6
 Shadow Creatures         Summ           N/A        N/A       100%        6


Dungeon Overview and Level Annotations

Branches:
Dungeon (11/15)            Temple (1/1) D:5            Lair (6/6) D:11
 Shoals (0/4) Lair:3        Snake (0/4) Lair:3        Slime (0/5) Lair:5
    Orc (0/2) D:9

Altars:
Ashenzari
Cheibriados
Dithmenos
Elyvilon
Fedhas
Gozag
Hepliaklqana
Kikubaaqudgha
Makhleb
Nemelex Xobeh
Okawaru
Qazlal
Ru
Sif Muna
Trog
Uskayaw
Vehumet
Wu Jian
Xom
Yredelemnul
Zin
The Shining One

Shops:
D:7 *[

Annotations:
Lair:6 1 runed translucent door


Innate Abilities, Weirdness & Mutations

You are too large for most types of armour.
You have claws for hands.
Your natural rate of healing is unusually fast.
You are covered in fur. (AC +1)
You have tough skin. (AC +1)


Message History

The black mamba misses you. The redback misses you.
The wolf spider hits you but does no damage.
The wolf spider bites you.
You are lethally poisoned!
The wolf spider poisons you! The black mamba bites you!
You are more poisoned.
The black mamba poisons you! The redback bites you!
You are more poisoned.
The redback poisons you!
The black mamba bites you but does no damage.
Unknown command.
You feel much better.
* * * LOW HITPOINT WARNING * * *
You feel extremely sick. The black mamba bites you.
* * * LOW HITPOINT WARNING * * *
You are more poisoned.
The black mamba poisons you! The redback misses you.
The wolf spider closely misses you. You block the wolf spider's attack.
The black mamba bites you.
* * * LOW HITPOINT WARNING * * *
You are more poisoned.
The black mamba poisons you! The redback misses you.
You block the black mamba's attack. The redback closely misses you.
You block the wolf spider's attack. The wolf spider completely misses you.
The black mamba barely misses you.
You feel much better.
Your surroundings suddenly seem different.
* * * LOW HITPOINT WARNING * * *
You feel extremely sick.
Unknown command.
You feel much better.
* * * LOW HITPOINT WARNING * * *
You feel extremely sick.
You feel much better.
* * * LOW HITPOINT WARNING * * *
You feel extremely sick.
A red film seems to cover your vision as you go berserk!
You feel yourself moving faster!
You feel mighty!
You die...

### $####......................
..## ####.......................
.#.#####.........................
......#.............#.###..##PP#.
......#...##.#.......## #########
....#..P...####....##### ###
...#.......##.......##.## #####.#
..............P.....#...###.##...
................@................
.................................
.................................
.................................
...........................รท.##..
...........................#..###
..................#...^....#.....
..............P...#..P.....#.....
............##....##......##....#


There were no monsters in sight!

Vanquished Creatures
  An ice dragon (D:10)
  Harold (D:11)
  2 boulder beetles
  8 hydras
  A catoblepas (Lair:6)
  A centaur warrior (D:8)
  A two-headed ogre (D:11)
  7 death yaks
  6 skeletal warriors
  Pikel (D:7)
  A lindwurm (Lair:6)
  An oklob plant (Lair:5)
  2 ugly things
  3 cyclopes
  9 elephants
  A merfolk siren (Lair:3)
  5 black mambas (Lair:6)
  14 cane toads
  Maggie (D:9)
  7 rime drakes
  6 torpor snails
  17 komodo dragons
  A troll (shapeshifter) (D:8)
  3 polar bears
  3 trolls
  Prince Ribbit (D:9)
  4 tyrant leeches (Lair:6)
  9 hornets
  4 slime creatures
  2 dream sheep (D:10)
  18 blink frogs
  Sigmund (D:4)
  3 redbacks (Lair:6)
  2 wraiths (D:10)
  Eustachio (D:4)
  38 yaks
  11 wyverns
  2 basilisks
  A vampire mosquito (D:8)
  Edmund (D:6)
  2 nagas (Lair:3)
  2 acid dragons
  24 water moccasins
  3 orc warriors
  An ice beast (D:10)
  2 sky beasts (D:6)
  2 ogres
  4 black bears
  5 centaurs
  8 wolves
  4 kobold brigands
  10 bullfrogs
  2 scorpions
  A wyvern skeleton (D:7)
  2 water moccasin skeletons
  3 wights (D:7)
  8 howler monkeys
  3 electric eels
  2 bullfrog zombies
  2 centaur zombies
  12 jellies (Lair:5)
  2 gnoll shamans
  3 hounds
  3 orc priests
  A centaur skeleton (D:7)
  5 hell rats (Lair:3)
  6 orc wizards
  8 iguanas
  A killer bee zombie (D:7)
  17 gnolls
  A howler monkey skeleton (D:5)
  8 adders
  An ufetubus (D:5)
  5 worms (D:2)
  4 dart slugs
  31 orcs
  11 ball pythons
  5 endoplasms
  4 giant cockroaches
  8 hobgoblins
  9 jackals
  11 kobolds
  10 quokkas
  5 bats
  8 frilled lizards
  12 goblins
  8 rats
490 creatures vanquished.

Vanquished Creatures (others)
  A bush (Lair:6)
  70 fungi
  125 plants
196 creatures vanquished.

Grand Total: 686 creatures vanquished

Notes
Turn   | Place    | Note
-------+----------+-------------------------------------------
     0 | D:1      | mandarbmax the Troll Fighter began the quest for the Orb.
     0 | D:1      | Reached XP level 1. HP: 22/22 MP: 0/0
   139 | D:1      | Reached XP level 2. HP: 29/29 MP: 1/1
   408 | D:1      | Reached XP level 3. HP: 29/36 MP: 2/2
   528 | D:1      | Found a faded altar of an unknown god.
   842 | D:2      | Reached XP level 4. HP: 40/45 MP: 3/3
   910 | D:2      | Found a blossoming altar of Fedhas.
   915 | D:2      | Noticed a black bear
   922 | D:2      | Killed a black bear
   923 | D:2      | Reached skill level 4 in Unarmed Combat
   923 | D:2      | Reached XP level 5. HP: 44/53 MP: 4/4
  1432 | D:3      | Reached skill level 5 in Unarmed Combat
  1432 | D:3      | Reached XP level 6. HP: 59/61 MP: 5/5
  1933 | D:4      | Noticed Eustachio
  1947 | D:4      | Killed Eustachio
  1948 | D:4      | Reached skill level 6 in Unarmed Combat
  2121 | D:4      | Reached skill level 7 in Unarmed Combat
  2121 | D:4      | Reached XP level 7. HP: 38/67 MP: 6/6
  2559 | D:4      | Noticed Sigmund
  2569 | D:4      | Killed Sigmund
  2570 | D:4      | Reached skill level 8 in Unarmed Combat
  3054 | D:5      | Entered Level 5 of the Dungeon
  3112 | D:5      | Found a staircase to the Ecumenical Temple.
  3119 | D:5      | Reached XP level 8. HP: 75/75 MP: 7/7
  3128 | Temple   | Entered the Ecumenical Temple
  3290 | Temple   | Became a worshipper of Warmaster Okawaru
  3404 | D:5      | Reached skill level 9 in Unarmed Combat
  3915 | D:6      | Reached skill level 10 in Unarmed Combat
  3999 | D:6      | Reached * piety under Okawaru
  4000 | D:6      | Reached skill level 1 in Throwing
  4000 | D:6      | Reached skill level 1 in Invocations
  4156 | D:6      | Noticed Edmund
  4163 | D:6      | Killed Edmund
  4440 | D:7      | Found Opix's Armour Shoppe.
  4450 | D:7      | Reached XP level 9. HP: 76/84 MP: 9/9
  4484 | D:7      | Bought a +1 cloak for 126 gold pieces
  4600 | D:7      | Reached ** piety under Okawaru
  4643 | D:7      | Found Yrchidumi's Island Escapes.
  4732 | D:7      | Noticed Pikel
  4775 | D:7      | Killed Pikel
  4776 | D:7      | Reached skill level 5 in Fighting
  5151 | D:7      | Bought a scroll of blinking for 105 gold pieces
  5151 | D:7      | Bought a potion of flight for 42 gold pieces
  5209 | D:8      | Noticed a troll
  5222 | D:8      | Killed a troll
  5232 | D:8      | Noticed a cyan ugly thing
  5232 | D:8      | Noticed a komodo dragon
  5234 | D:8      | Reached *** piety under Okawaru
  5245 | D:8      | Killed a cyan ugly thing
  5246 | D:8      | Reached skill level 5 in Throwing
  5246 | D:8      | Reached skill level 5 in Invocations
  5246 | D:8      | Reached XP level 10. HP: 74/98 MP: 9/12
  5315 | D:8      | Noticed an eight-headed hydra
  5324 | D:8      | Killed an eight-headed hydra
  5324 | D:8      | Reached **** piety under Okawaru
  5324 | D:8      | Noticed a centaur warrior
  5330 | D:8      | Noticed a cyclops
  5333 | D:8      | Killed a centaur warrior
  5348 | D:8      | Killed a cyclops
  5348 | D:8      | Reached ***** piety under Okawaru
  5348 | D:8      | Received a gift from Okawaru
  6063 | D:9      | You fall into a shaft and drop 1 floor!
  6063 | D:10     | Entered Level 10 of the Dungeon
  6326 | D:10     | Found a white marble altar of Elyvilon.
  6327 | D:10     | Found a sacrificial altar of Ru.
  6330 | D:10     | Found a shadowy altar of Dithmenos.
  6333 | D:10     | Found a basalt altar of Yredelemnul.
  6333 | D:10     | Found a stormy altar of Qazlal.
  6344 | D:10     | Noticed a skeletal warrior
  6365 | D:10     | Noticed a skeletal warrior
  6367 | D:10     | Noticed a skeletal warrior
  6378 | D:10     | Killed a skeletal warrior
  6378 | D:10     | Received a gift from Okawaru
  6387 | D:10     | Killed a skeletal warrior
  6388 | D:10     | Reached XP level 11. HP: 48/109 MP: 9/15
  6397 | D:10     | Killed a skeletal warrior
  6614 | D:10     | Noticed an ice dragon
  6643 | D:10     | Killed an ice dragon
  6670 | D:10     | Identified the +11 battleaxe of Blind Justice {freeze, rF+
                  | rN+ rCorr Int+3}
  6773 | D:10     | Noticed a three-headed hydra
  6786 | D:10     | Killed a one-headed hydra
  6786 | D:10     | Received a gift from Okawaru
  6795 | D:10     | Received a gift from Okawaru
  6970 | D:10     | Found a shimmering altar of Xom.
  7037 | D:9      | Noticed Prince Ribbit
  7051 | D:9      | Killed Prince Ribbit
  7189 | D:9      | Noticed Maggie
  7205 | D:9      | Killed Maggie
  7352 | D:9      | Reached skill level 11 in Unarmed Combat
  7355 | D:9      | Reached skill level 5 in Dodging
  7355 | D:9      | Reached skill level 5 in Shields
  7379 | D:9      | Received a gift from Okawaru
  7587 | D:9      | Found a staircase to the Orcish Mines.
  7811 | D:11     | Received a gift from Okawaru
  7825 | D:11     | Reached XP level 12. HP: 119/119 MP: 16/16
  7841 | D:11     | Noticed a two-headed ogre
  7873 | D:11     | Killed a two-headed ogre
  7873 | D:11     | Received a gift from Okawaru
  7919 | D:11     | Found a staircase to the Lair.
  7995 | D:11     | Noticed an eight-headed hydra
  8008 | D:11     | Killed an eight-headed hydra
  8222 | D:11     | Noticed Harold
  8246 | D:11     | Killed Harold
  8251 | D:11     | Reached skill level 12 in Unarmed Combat
  8378 | D:11     | Reached ****** piety under Okawaru
  8436 | Lair:1   | Entered Level 1 of the Lair of Beasts
  8524 | Lair:1   | Received a gift from Okawaru
  9006 | Lair:1   | Noticed a five-headed hydra
  9012 | Lair:1   | Killed a five-headed hydra
  9656 | Lair:2   | Reached XP level 13. HP: 100/127 MP: 17/17
 10265 | Lair:3   | Found a staircase to the Shoals.
 10644 | Lair:3   | Found a staircase to the Snake Pit.
 11246 | Lair:4   | Received a gift from Okawaru
 11247 | Lair:4   | Found the +8 longbow "Zephyr" {speed, Dex+3 SInv}
 11784 | Lair:4   | Identified the +9 flail of Light {vamp, rCorr Dex+9 Stlth+}
 12230 | Lair:5   | Identified the +2 hat of the Stallion {Will+} (Okawaru
                  | gifted it to you on level 5 of the Lair of Beasts)
 12230 | Lair:5   | Received a gift from Okawaru
 12311 | Lair:5   | Reached skill level 10 in Fighting
 12365 | Lair:5   | Found a blossoming altar of Fedhas.
 12525 | Lair:5   | Found a staircase to the Slime Pits.
 13099 | Lair:6   | Entered Level 6 of the Lair of Beasts
 13110 | Lair:6   | Reached skill level 13 in Unarmed Combat
 13177 | Lair:6   | Found a runed translucent door.
 13178 | Lair:6   | Noticed a fire dragon
 13187 | Lair:6   | Reached XP level 14. HP: 137/143 MP: 18/18
 13288 | Lair:6   | Paralysed by a hornet for 3 turns
 13690 | Lair:6   | Reached skill level 14 in Unarmed Combat
 13708 | Lair:6   | Received a gift from Okawaru
 13840 | Lair:6   | Received a gift from Okawaru
 14389 | Lair:6   | Reached skill level 10 in Dodging
 14761 | Lair:6   | HP: 5/143 [poisoned by a black mamba]
 14763 | Lair:6   | Succumbed to a black mamba's poison

Illustrated notes

Levels and vault maps discovered:
D:1:      ncdulo_wetmaze, layout_loops_ring, ebering_ecumenical_altar_hall
D:2:      minmay_angry_zag, layout_basic, basic_altar, grunt_decor_fettered,
          fountainhead, minmay_distorted
D:3:      layout_loops_ring, grunt_decor_junction
D:4:      minmay_chambers_of_threes, layout_basic, minivault_11, uniq_eustachio,
          uniq_sigmund
D:5:      layout_basic, minmay_temple_entry_stoned_glass
D:6:      layout_cave_pools, uniq_edmund
D:7:      layout_basic, serial_glass, glass_columns_b, glass_columns_b,
          serial_shops, nicolae_shop_waterfront, nicolae_island_escapes,
          uniq_pikel
D:8:      minmay_cut_squares, layout_rooms, minmay_lizard_king
D:9:      layout_loops_ring, orc_0_dummy, uniq_prince_ribbit1, uniq_maggie
D:10:     minmay_coctagon, layout_rooms, grunt_temple_overflow_open,
          hangedman_ranch
D:11:     layout_rooms, due_lair_maze_entry_diamond, uniq_harold
Temple:   eino_temple_rhombus
Lair:1:   layout_regular_city
Lair:2:   layout_regular_city, grunt_megastairs_1, serial_bayou_shore_a
Lair:3:   layout_regular_city, minmay_shoals_entry_lonely_mermaid,
          minmay_snake_entry_guardpost_small, grunt_megastairs_5
Lair:4:   layout_cave_pods, minivault_19, grunt_megastairs_2
Lair:5:   layout_roguey, minmay_slime_entry_jelly_boxes,
          chequers_serial_rivers_room_b, lemuel_oklob_altar
Lair:6:   hangedman_lair_tendril_chambers, layout_long_grid, wormcave,
          infiniplex_staircase_pool

Skill      XL: |  1  2  3  4  5  6  7  8  9 10 11 12 13 14 |
---------------+-------------------------------------------+-----
Dodging        | 3 5 7 8 10 | 10.5
Fighting       | 3 5 7 8 10 | 10.0
Shields        | 3 5 7 8 |  8.0
Unarmed Combat | 4 5 7 8 10 11 12 13 14 | 14.0
Throwing       | 2 5 7 9 |  9.0
Invocations    | 2 5 7 |  7.0

Action                   |  1- 3 |  4- 6 |  7- 9 | 10-12 | 13-15 || total
-------------------------+-------+-------+-------+-------+-------++-------
Melee: Unarmed           |   115 |   139 |   280 |   479 |   619 ||  1632
       Broad axe         |       |       |       |     5 |       ||     5
Throw: Javelin           |       |     3 |       |     5 |       ||     8
       Dart              |       |     6 |    45 |   118 |    30 ||   199
       Boomerang         |       |       |       |    30 |    98 ||   128
       Large rock        |       |       |       |    24 |    53 ||    77
Invok: Heroism           |       |       |     4 |     9 |     8 ||    21
       Finesse           |       |       |       |     3 |       ||     3
  Use: Scroll            |       |       |    12 |    12 |     8 ||    32
       Potion            |       |       |     2 |     2 |     5 ||     9
 Stab: Sleeping          |     2 |     2 |     1 |       |       ||     5
Armor: Robe              |    37 |    36 |    48 |    44 |       ||   165
       Skin              |       |       |       |    10 |       ||    10
       Steam dragon scal |       |       |       |    46 |   121 ||   167
Dodge: Dodged            |    42 |    34 |    67 |   136 |   205 ||   484
Block: Kite shield       |    49 |    56 |   132 |   260 |   327 ||   824

Table legend: (Time is in decaauts)
 A = Elapsed time spent in this place.
 B = Non-inter-level travel time spent in this place.
 C = Inter-level travel time spent in this place.
 D = Time resting spent in this place.
 E = Time spent auto-exploring this place.
 F = Levels seen in this place.
 G = Mean time per level.
                   A        B        C        D        E       F      G
               +--------+--------+--------+--------+--------+-----+--------+
         Total |  14643 |  14220 |    423 |    778 |  10211 |  18 |  813.5 |
       Dungeon |   8239 |   8015 |    224 |    473 |   5641 |  11 |  749.0 |
        Temple |    178 |    144 |     34 |      0 |    143 |   1 |  178.0 |
          Lair |   6224 |   6059 |    165 |    305 |   4427 |   6 | 1037.3 |
               +--------+--------+--------+--------+--------+-----+--------+

Top non-repeatable levels by time:
  Lair:6: 1542 daAuts
     D:4: 1205 daAuts
  Lair:5: 1066 daAuts
    D:10: 941 daAuts
  Lair:4: 938 daAuts
  Lair:2: 907 daAuts
  Lair:1: 902 daAuts
     D:8: 896 daAuts
  Lair:3: 867 daAuts
     D:7: 783 daAuts
     D:1: 753 daAuts
    D:11: 718 daAuts
     D:2: 629 daAuts
     D:9: 627 daAuts
     D:6: 576 daAuts
